 Dungeon Crawl Stone Soup version 0.28.0-53-g5a82cb258f (webtiles) character file.

Game seed: 3514373033192803186

10148 Peloso the Carver (level 11, -7/86 (89) HPs)
             Began as a Minotaur Fighter on June 15, 2022.
             Was an Elder of Okawaru.
             Killed from afar by a starcursed mass (11 damage)
             ... with an accursed screaming
             ... on level 1 of the Abyss.
             The game lasted 00:18:31 (12422 turns).

Peloso the Carver (Minotaur Fighter)               Turns: 12422, Time: 00:18:32

HP:   -7/86 (89)    AC: 17    Str: 35    XL:     11   Next: 32%
MP:   10/10         EV: 11    Int:  5    God:    Okawaru [****..]
Gold: 381           SH:  6    Dex: 13    Spells: 10/10 levels left

rFire   + . .      SeeInvis +   b - +8 long sword of Joqemim {vorpal, Fragile rF+ Will- Str+7}
rCold   . . .      Faith    .   c - +0 buckler
rNeg    . . .      Spirit   .   y - +2 chain mail {Will+}
rPois   .          Reflect  .   (helmet restricted)
rElec   .          Harm     .   (no cloak)
rCorr   .          Rampage  .   C - +2 pair of gloves
Will    .....                   (no boots)
Stlth   ..........              (no amulet)
HPRegen 0.24/turn               e - +6 ring of strength
MPRegen 0.12/turn               M - ring of see invisible

@: slowed, lightly drained, very slow
A: horns 2, retaliatory headbutt, frail 1
a: Renounce Religion, Heroism, Finesse


You were on level 1 of the Abyss.
You worshipped Okawaru.
Okawaru was greatly pleased with you.
You visited 2 branches of the dungeon, and saw 12 of its levels.
You visited the Abyss 1 time.

You collected 417 gold pieces.
You spent 36 gold pieces at shops.

Inventory:

Hand Weapons
 a - a +0 long sword of holy wrath
 b - the +8 long sword of Joqemim (weapon) {vorpal, Fragile rF+ Will- Str+7}
   (You found it on level 11 of the Dungeon)

   It inflicts extra damage upon your enemies.
   Str:       It affects your strength (+7).
   rF:        It protects you from fire.
   Fragile:   It will be destroyed if unequipped.
   Will:      It decreases your willpower.
Missiles
 i - 3 throwing nets (quivered)
Armour
 c - a +0 buckler (worn)
 t - a +0 scale mail of cold resistance
 y - a +2 chain mail of willpower (worn)
 C - a +2 pair of gloves (worn)
Jewellery
 e - a +6 ring of strength (left hand)
 h - a +4 ring of evasion
 s - an amulet of guardian spirit
 w - a ring of positive energy
 x - a ring of positive energy
 z - a +4 ring of evasion
 A - a +6 ring of strength
 E - a ring of fire
 M - a ring of see invisible (right hand)
Wands
 q - a wand of polymorph (12)
 I - a wand of iceblast (8)
 K - a wand of digging (3)
Scrolls
 k - a scroll of brand weapon
 m - 5 scrolls of teleportation
 n - 4 scrolls of blinking
 o - 3 scrolls of enchant armour
 p - 2 scrolls of fog
 u - a scroll of amnesia
 v - 2 scrolls of magic mapping
 D - 2 scrolls of enchant weapon
 F - 2 scrolls of immolation
 G - a scroll of noise
 H - a scroll of silence
 L - a scroll of acquirement {unknown}
Potions
 d - 3 potions of might
 f - 2 potions of resistance
 g - 2 potions of attraction
 j - 5 potions of curing
 l - 2 potions of mutation
 r - a potion of haste
 B - a potion of lignification {unknown}
 J - a potion of brilliance


   Skills:
 + Level 10.0 Fighting
 + Level 13.2 Long Blades
 + Level 11.9 Armour
 + Level 5.0 Dodging
 + Level 0.6 Stealth
 + Level 7.1 Shields


You had 10 spell levels left.
You didn't know any spells.
Your spell library contained the following spells:

 Spells                   Type           Power      Damage    Failure   Level
 Static Discharge         Conj/Air       0%         N/A       97%         2
 Inner Flame              Hex/Fire       0%         N/A       99%         3
 Ozocubu's Armour         Ice            0%         N/A       99%         3
 Portal Projectile        Hex/Tloc       0%         N/A       99%         3
 Airstrike                Air            0%         N/A       100%        4
 Cause Fear               Hex            0%         N/A       100%        4
 Leda's Liquefaction      Hex/Erth       0%         N/A       100%        4
 Lightning Bolt           Conj/Air       0%         1d11      100%        5
 Metabolic Englaciation   Hex/Ice        0%         N/A       100%        5
 Discord                  Hex            0%         N/A       100%        8
 Maxwell's Capacitive Co  Air            0%         ∞         100%        8
 Summon Small Mammal      Summ           Unusable   N/A       N/A         1
 Call Canine Familiar     Summ           Unusable   N/A       N/A         3
 Summon Guardian Golem    Hex/Summ       Unusable   N/A       N/A         3
 Summon Lightning Spire   Summ/Air       Unusable   N/A       N/A         4
 Simulacrum               Ice/Necr       Unusable   N/A       N/A         6

Dungeon Overview and Level Annotations

Branches:
Dungeon (11/15)            Temple (1/1) D:7            Lair (0/6) D:10
    Orc (0/2) D:11

Altars:
Cheibriados
Dithmenos
Fedhas
Gozag
Kikubaaqudgha
Makhleb
Nemelex Xobeh
Okawaru
Qazlal
Ru
Vehumet
Wu Jian
Xom
Yredelemnul
The Shining One

Shops:
D:4 :   D:6 *   D:7 *

Annotations:
D:2 1 runed translucent door, Crazy Yiuf
D:7 2 transporters, Duralumin's ghost, novice FoFi
D:11 Erolcha


Innate Abilities, Weirdness & Mutations

You have a pair of horns on your head.
You reflexively headbutt those who attack you in melee.
You are frail. (-10% HP)


Message History

You furiously retaliate!
You headbutt the small abomination! You closely miss the small abomination.
You headbutt the small abomination.
You destroy the small abomination!
That felt strangely unrewarding.
A starcursed mass comes into view.
The starcursed mass moves out of view.
A large abomination comes into view.
The starcursed mass shrieks in your mind.
* * * LOW HITPOINT WARNING * * *
A starcursed mass splits.
You slash the starcursed mass!
The starcursed mass is lightly damaged.
The starcursed mass shudders and is absorbed by its neighbour.
A starcursed mass splits.
Found a gateway leading out of the Abyss.
The starcursed mass touches you.
* * * LOW HITPOINT WARNING * * *
A starcursed mass splits.
A white imp comes into view.
A starcursed mass splits.
The white imp shouts!
You hit the starcursed mass but do no damage.
The starcursed mass is lightly damaged.
The starcursed mass touches you.
* * * LOW HITPOINT WARNING * * *
A starcursed mass splits.
The starcursed mass touches you but does no damage.
You can't go up here!
Unknown command.
A starcursed mass splits. x2; The starcursed mass closely misses you.
The starcursed mass touches you but does no damage.
A chorus of shrieks assaults your mind.
* * * LOW HITPOINT WARNING * * *
The starcursed mass closely misses you. You furiously retaliate!
You headbutt the starcursed mass, but do no damage.
A wretched star comes into view.
The small abomination barely misses you.
You furiously retaliate!
You headbutt the small abomination!
A deafening chorus of shrieks assaults your mind!
You die...

..... . . ..
.....#... .
#...##. #..#.
.#..#........#
......5#.#.##
#.#.#.5...X
#...#*X..##
#..#x###X.#
#@.XXXX.#
........#..#.#..#.
.##...####...#.###
#.###. ##..#..##
.. ## #..##... .#
..# #.#.#....#...#
#... ..##.#.###.##
##. ##.#.###... .
##.. .#...# .. .


You could see 6 starcursed masses, a wretched star, a small abomination and a
white imp.

Vanquished Creatures
  A cacodemon (Abyss:1)
  Harold (D:7)
  A sixfirhy (Abyss:1)
  2 manticores (D:11)
  An orange demon (Abyss:1)
  An unseen horror (D:11)
  A komodo dragon (D:10)
  A ynoxinul (Abyss:1)
  A shadow (D:11)
  18 yaks
  A wraith (D:11)
  3 basilisks (D:10)
  A wyvern (D:10)
  3 steam dragons
  A water moccasin (D:7)
  A small abomination (Abyss:1)
  Duvessa (D:6)
  3 black bears
  5 orc warriors
  A hornet zombie (D:9)
  2 ice beasts
  A sky beast (D:6)
  An ogre (D:5)
  2 centaurs (D:10)
  6 necrophages
  2 phantoms (D:4)
  2 kobold brigands
  A wyvern zombie (D:5)
  2 bullfrogs
  4 scorpions
  10 wights
  Dowan (D:6)
  9 killer bees
  5 howler monkeys
  A bullfrog zombie (D:5)
  2 centaur zombies
  A centaur skeleton (D:7)
  A hound (D:6)
  A jelly (D:8)
  2 orc priests
  2 gnoll shamans
  An iguana (D:4)
  2 orc wizards
  2 howler monkey zombies
  Robin (D:2)
  9 adders
  8 gnolls
  2 shadow imps
  A white imp (D:8)
  2 ufetubi
  2 adder skeletons (D:4)
  3 worms
  4 dart slugs
  14 orcs
  7 ball pythons
  5 endoplasms
  4 giant cockroaches
  12 goblins
  10 hobgoblins
  3 jackals (D:2)
  10 kobolds
  4 quokkas
  5 bats
  6 frilled lizards
  A goblin zombie (D:8)
  2 hobgoblin zombies (D:8)
  A kobold skeleton (D:8)
  3 kobold zombies (D:8)
  2 orc skeletons (D:8)
  An orc zombie (D:8)
  4 rats
  3 rat zombies (D:7)
240 creatures vanquished.

Vanquished Creatures (others)
  A bush (D:5)
  A lurking horror (Abyss:1)
  13 plants (D:5)
15 creatures vanquished.

Grand Total: 255 creatures vanquished

Notes
Turn   | Place    | Note
-------+----------+-------------------------------------------
     0 | D:1      | Peloso the Minotaur Fighter began the quest for the Orb.
     0 | D:1      | Reached XP level 1. HP: 19/19 MP: 0/0
   212 | D:1      | Reached XP level 2. HP: 27/27 MP: 1/1
   904 | D:2      | Found a runed translucent door.
   905 | D:2      | Noticed Crazy Yiuf
   969 | D:2      | Reached XP level 3. HP: 33/33 MP: 2/2
  1063 | D:2      | Noticed Robin
  1079 | D:2      | Killed Robin
  1080 | D:2      | Reached skill level 1 in Dodging
  1089 | D:2      | Reached skill level 3 in Long Blades
  1338 | D:2      | You fall into a shaft and drop 1 floor!
  1354 | D:3      | Reached XP level 4. HP: 37/40 MP: 3/3
  1447 | D:2      | Found a blossoming altar of Fedhas.
  2087 | D:3      | Found a faded altar of an unknown god.
  2214 | D:3      | Identified the +1 ring mail of Bitterness {Dex+4 Slay+3}
  2597 | D:4      | Noticed a phantom
  2618 | D:4      | Killed a phantom
  2619 | D:4      | Reached skill level 4 in Long Blades
  2619 | D:4      | Reached skill level 5 in Armour
  2619 | D:4      | Reached XP level 5. HP: 7/47 MP: 4/4
  3026 | D:4      | Noticed a necrophage
  3037 | D:4      | Killed a necrophage
  3038 | D:4      | Reached XP level 6. HP: 55/55 MP: 5/5
  3095 | D:4      | Found Luuci's Book Shoppe.
  3484 | D:4      | Found a snail-covered altar of Cheibriados.
  3520 | D:4      | Reached skill level 5 in Fighting
  3520 | D:4      | Reached skill level 5 in Long Blades
  3750 | D:4      | Found a burning altar of Makhleb.
  3904 | D:5      | Entered Level 5 of the Dungeon
  4037 | D:5      | Reached XP level 7. HP: 57/61 MP: 6/6
  4176 | D:5      | Reached skill level 6 in Long Blades
  4193 | D:5      | Found a blossoming altar of Fedhas.
  4704 | D:5      | Reached skill level 7 in Long Blades
  4709 | D:5      | Found a radiant altar of Vehumet.
  4752 | D:5      | Found a sacrificial altar of Ru.
  4828 | D:5      | Reached XP level 8. HP: 69/69 MP: 7/7
  4856 | D:5      | Reached skill level 5 in Shields
  4864 | D:5      | Reached skill level 8 in Long Blades
  5290 | D:6      | Noticed Duvessa
  5317 | D:6      | Noticed Dowan
  5325 | D:6      | Killed Duvessa
  5326 | D:6      | Reached skill level 9 in Long Blades
  5353 | D:6      | Killed Dowan
  5463 | D:6      | Found Nirovy's Elemental Accessories.
  5568 | D:6      | Reached XP level 9. HP: 6/77 MP: 8/8
  6205 | D:7      | Identified the +0 leather armour of Maga {Rampage rCorr}
  6258 | D:7      | Found a transporter.
  6268 | D:7      | Noticed Duralumin's ghost (novice FoFi)
  6282 | D:7      | Found a transporter.
  6285 | D:7      | Noticed a moth of wrath
  6329 | D:7      | Found Ugoijocren's Specific Store.
  6331 | D:7      | Found Teuk's General Store.
  6338 | D:7      | Bought a scroll of teleportation for 36 gold pieces
  6398 | D:7      | Identified the +4 short sword "Nayn Ryz" {drain, *Noise
                  | rC++ Str+4 Stlth+}
  6476 | D:7      | Found a shadowy altar of Dithmenos.
  6528 | D:7      | Reached skill level 10 in Long Blades
  6888 | D:7      | Noticed Harold
  6913 | D:7      | Killed Harold
  7228 | D:7      | Found a staircase to the Ecumenical Temple.
  7234 | Temple   | Entered the Ecumenical Temple
  7291 | Temple   | Became a worshipper of Warmaster Okawaru
  7456 | D:7      | Found an ancient bone altar of Kikubaaqudgha.
  7651 | D:8      | Found a glowing golden altar of the Shining One.
  7836 | D:8      | Reached skill level 11 in Long Blades
  8430 | D:8      | Reached XP level 10. HP: 78/86 MP: 9/9
  9279 | D:9      | Reached * piety under Okawaru
  9443 | D:9      | Reached skill level 10 in Armour
  9757 | D:9      | Reached skill level 12 in Long Blades
  9871 | D:9      | Reached ** piety under Okawaru
 10455 | D:10     | Entered Level 10 of the Dungeon
 10625 | D:10     | Reached *** piety under Okawaru
 10857 | D:10     | Found a staircase to the Lair.
 11266 | D:10     | Reached XP level 11. HP: 84/97 MP: 10/10
 11466 | D:11     | Reached **** piety under Okawaru
 11634 | D:11     | Found a staircase to the Orcish Mines.
 11672 | D:11     | Reached skill level 13 in Long Blades
 11678 | D:11     | Reached skill level 5 in Dodging
 11931 | D:11     | Reached skill level 10 in Fighting
 11931 | D:11     | Identified the +8 long sword of Joqemim {vorpal, Fragile
                  | rF+ Will- Str+7}
 12216 | D:11     | Noticed Erolcha
 12217 | D:11     | Cast into level 1 of the Abyss (Erolcha)
 12356 | Abyss:1  | Noticed a sixfirhy
 12357 | Abyss:1  | Noticed a cacodemon
 12360 | Abyss:1  | Killed a sixfirhy
 12371 | Abyss:1  | Gained mutation: You are frail. (-10% HP) [a cacodemon]
 12374 | Abyss:1  | Killed a cacodemon
 12409 | Abyss:1  | Noticed a starcursed mass
 12419 | Abyss:1  | HP: 3/86 [starcursed mass/accursed screaming (7)]
 12421 | Abyss:1  | Noticed a wretched star
 12422 | Abyss:1  | Killed from afar by a starcursed mass

Illustrated notes

Levels and vault maps discovered:
D:1:      dpeg_arrival_solitude, layout_loops_ring,
          minmay_misc_feat_secret_circle
D:2:      layout_basic, basic_altar, uniq_crazy_yiuf_cottage, uniq_robin
D:3:      layout_basic, ebering_ecumenical_altar_petrified,
          chequers_decorated_corner
D:4:      layout_layer_cave, lightli_temple_of_fire, general_overflow_altar,
          serial_shops, shop, serial_rivers, chequers_serial_rivers_small_b,
          chequers_serial_rivers_micro_b, chequers_serial_rivers_room_a,
          chequers_serial_rivers_micro_b, chequers_serial_rivers_small_b,
          chequers_serial_rivers_room_a, minmay_box_of_dots
D:5:      layout_loops_ring, fedhas_altar_decomposition,
          mainiacjoe_overflow_two_lobes, grunt_ministairs_2,
          nicolae_figureground_pulse
D:6:      layout_cave_pools, nicolae_elemental_shop, uniq_duvessa
D:7:      layout_basic, mainiacjoe_overflow_catwalk,
          lemuel_zombie_altar_kikubaaqudgha, minmay_temple_entry_fiery,
          gammafunk_ghost_berserking_beasts, nicolae_specific_store, uniq_harold
D:8:      layout_basic, nicolae_tso_besieged_by_evil, kennysheep_generic_room_7
D:9:      layout_long_grid
D:10:     layout_basic, erik_lair_dragon
D:11:     kennysheep_six_static_rooms, layout_basic, uniq_erolcha
Temple:   dpeg_chambers_temple
Abyss:1:  base: D:10, evilmike_abyss_exit_14

Skill      XL: |  1  2  3  4  5  6  7  8  9 10 11 |
---------------+----------------------------------+-----
Fighting       | 4 5 6 7 9 10 | 10.0
Shields        | 4 5 6 7 |  7.1
Armour         | 4 5 6 7 8 9 11 | 11.9
Dodging        | 1 2 3 4 5 |  5.0
Long Blades    | 3 4 5 7 9 11 12 13 | 13.2
Stealth        | |  0.6

Action                   |  1- 3 |  4- 6 |  7- 9 | 10-12 || total
-------------------------+-------+-------+-------+-------++-------
Melee: Long sword        |    88 |   111 |   288 |   288 ||   775
       Headbutt          |    10 |    19 |    69 |    74 ||   172
Invok: Heroism           |       |       |       |     1 ||     1
  Use: Scroll            |     5 |       |     5 |     6 ||    16
Armor: Scale mail        |    55 |    47 |    23 |       ||   125
       Chain mail        |       |       |     4 |   122 ||   126
       Plate armour      |       |       |   100 |     9 ||   109
Dodge: Dodged            |    54 |    56 |   111 |   135 ||   356
Block: Buckler           |    18 |    28 |    62 |    65 ||   173
